 Dungeon Sprint DCSS version 0.29.1-13-g9f3cf754e1 (webtiles) character file.

Game seed: 10074181691369371700

32 Kuronicle the Ducker (level 3, 0/27 HPs)
             Began as an Octopode Monk on Jan 23, 2023.
             Was a Believer of Jiyva.
             Slain by a fire bat (6 damage)
             ... in the Dungeon (Sprint VII: "The Pits").
             The game lasted 00:00:41 (245 turns).

Kuronicle the Ducker (Octopode Monk)                 Turns: 245, Time: 00:00:43

Health: 0/27       AC:  1    Str: 12    XL:     3   Next: 25%
Magic:  3/3        EV: 14    Int: 12    God:    Jiyva [**....]
Gold:   0          SH:  0    Dex: 14    Spells: 2/2 levels left

rFire   . . .      SeeInvis .     - Unarmed
rCold   . . .      Faith    .   (no shield)
rNeg    . . .      Spirit   .   (helmet restricted)
rPois   .          Reflect  .   (no amulet)
rElec   .          Harm     .   (no ring)
rCorr   +          Rampage  .   (no ring)
Will    .....      NoTele   +   (no ring)
Stlth   +++.......              (no ring)
HPRegen 1.05/turn               (no ring)
MPRegen 0.38/turn               (no ring)
                                (no ring)
                                (no ring)

@: no status effects
A: almost no armour, amphibious, 8 rings, camouflage 1, gelatinous body 1,
(nimble swimmer 1), tentacles
a: Renounce Religion


You were in the Dungeon.
You worshipped Jiyva.
Jiyva was pleased with you.
You visited 1 branch

Inventory:

Scrolls
 g - a scroll of blinking
 i - 5 scrolls of amnesia
 j - a scroll of summoning
Potions
 a - a potion of ambrosia
 b - a potion of curing
 c - a potion of heal wounds
 d - a potion of haste
 e - 4 potions of magic
 f - 3 potions of berserk rage
 h - 2 potions of invisibility


   Skills:
 * Level 4.5 Fighting
 * Level 4.6 Dodging
 + Level 3.2 Stealth
 * Level 4.5 Unarmed Combat


You had 2 spell levels left.
You didn't know any spells.
Your spell library was empty.

Dungeon Overview and Level Annotations

Branches:
Dungeon (1/1)

Altars:
Cheibriados
Dithmenos
Elyvilon
Fedhas
Gozag
Hepliaklqana
Makhleb
Nemelex Xobeh
Okawaru
Qazlal
Ru
Sif Muna
Trog
Vehumet
Wu Jian
Xom
Yredelemnul
Zin
The Shining One
Jiyva
Lugonu


Innate Abilities, Weirdness & Mutations

You cannot wear most types of armour.
You are amphibious.
You can wear up to eight rings at the same time.
Your skin changes colour to match your surroundings (Stealth+).
Your rubbery body absorbs attacks. (AC +1, EV +1)
((You are camouflaged when in or above water. (Stealth+)))
You have tentacles for arms and can constrict up to eight enemies at once.


Message History

You tentacle-slap the iron imp. Your grab misses the iron imp.
Your squeeze misses the iron imp.
The iron imp is moderately wounded.
You hear a croak.
The iron imp hits you.
You bludgeon the iron imp! Your grab misses the iron imp.
You tentacle-slap the iron imp.
The iron imp is severely wounded.
You tentacle-slap the iron imp but do no damage.
You grab the iron imp. You squeeze the iron imp.
The iron imp is almost dead.
You constrict the iron imp.
You kill the iron imp!
A fire bat comes into view.
Your Fighting skill increases to level 4!
Your Dodging skill increases to level 4!
Your Stealth skill increases to level 3!
Your Unarmed Combat skill increases to level 4!
You have reached level 2!
You have reached level 3!
Your experience leads to an increase in your attributes!
Increase (S)trength, (I)ntelligence, or (D)exterity?
You feel stronger. x2
An ice beast comes into view.
The fire bat bites you.
You are engulfed in flames.
You barely miss the fire bat. Your grab misses the fire bat.
You squeeze the fire bat.
The fire bat is lightly wounded.
The fire bat barely misses you.
A jackal comes into view.
The fire bat misses you.
A bullfrog comes into view.
The jackal closely misses you. The fire bat attacks as you move away!
The fire bat misses you. The fire bat bites you.
You are engulfed in flames!
* * * LOW HITPOINT WARNING * * *
The fire bat bites you.
* * * LOW HITPOINT WARNING * * *
You are engulfed in flames.
You die...

#.# #...#
####'#
#.# #####
#.....
#.#
#.....
#.#
#.....
#.#
#...<.
#.#
#.....
#.#
#.....
#'#######
#.....
#@......#
######
#b.###Y.#
#..hhh..#
##.###.##
..F ..##
#... ####


You could see an ice beast, a fire bat, a bullfrog and 2 jackals.

Vanquished Creatures
  An iron imp (D)
  An orc (D)
  A hobgoblin (D)
  A rat (D)
4 creatures vanquished.

Vanquished Creatures (others)
  2 rockslimes (D)
  2 azure jellies (D)
  A great orb of eyes (D)
  A golden eye (D)
  A jelly (D)
7 creatures vanquished.

Grand Total: 11 creatures vanquished

Notes
Turn   | Place    | Note
-------+----------+-------------------------------------------
     0 | D        | Kuronicle the Octopode Monk began the quest for the Orb.
     0 | D        | Reached XP level 1. HP: 16/16 MP: 1/1
   184 | D        | Found a bloodstained altar of Trog.
   184 | D        | Found a shimmering blue altar of Sif Muna.
   184 | D        | Found a viscous altar of Jiyva.
   184 | D        | Found a hazy altar of Hepliaklqana.
   184 | D        | Found an opulent altar of Gozag.
   185 | D        | Found a glowing golden altar of the Shining One.
   185 | D        | Found a glowing silver altar of Zin.
   185 | D        | Found a basalt altar of Yredelemnul.
   185 | D        | Found a shimmering altar of Xom.
   185 | D        | Found an ornate altar of the Wu Jian Council.
   185 | D        | Found a sacrificial altar of Ru.
   185 | D        | Found a stormy altar of Qazlal.
   185 | D        | Found an iron altar of Okawaru.
   185 | D        | Found a sparkling altar of Nemelex Xobeh.
   185 | D        | Found a burning altar of Makhleb.
   185 | D        | Found a blossoming altar of Fedhas.
   185 | D        | Found a white marble altar of Elyvilon.
   185 | D        | Found a shadowy altar of Dithmenos.
   185 | D        | Found a snail-covered altar of Cheibriados.
   188 | D        | Found a corrupted altar of Lugonu.
   188 | D        | Found a radiant altar of Vehumet.
   190 | D        | Became a worshipper of Jiyva Juufopni the Shapeless
   190 | D        | Reached * piety under Jiyva
   190 | D        | Reached ** piety under Jiyva
   191 | D        | Killed a rockslime
   192 | D        | Killed a great orb of eyes
   194 | D        | Killed a rockslime
   196 | D        | Killed an azure jelly
   202 | D        | Killed an azure jelly
   211 | D        | Killed a golden eye
   231 | D        | Noticed an iron imp
   242 | D        | Killed an iron imp
   242 | D        | Noticed a fire bat
   243 | D        | Reached XP level 2. HP: 23/23 MP: 2/2
   243 | D        | Reached XP level 3. HP: 27/27 MP: 3/3
   243 | D        | Noticed an ice beast
   244 | D        | Noticed a bullfrog
   245 | D        | Slain by a fire bat

Illustrated notes

Levels and vault maps discovered:
D:        pitsprint [storerooms_1, entrance_room_1, metal_vault_7, armoury_2,
          mini_pit_1, grid_room_1, main_hall_1, silver_pit, the_coven_1,
          the_vestibule_1, steel_vault_5, golden_pit, hallway_of_sentries,
          crystal_vault_1, iron_vault_2, final_vault]

Skill      XL: |  1 |
---------------+----+-----
Fighting       | 4 |  4.5
Dodging        | 4 |  4.6
Stealth        | 3 |  3.2
Unarmed Combat | 4 |  4.5

Action                   || total
-------------------------++-------
Melee: Unarmed           ||    13
       Tentacles         ||     4
       Constrict         ||     3
       Punch             ||     1
Dodge: Dodged            ||    11
